 Dungeon Crawl Stone Soup version 0.18.1-50-g88ac8fd (webtiles) character file.

4879 varam the Nimble (level 10, -8/53 HPs)
             Began as a Spriggan Abyssal Knight on Oct 3, 2016.
             Was an Elder of Lugonu.
             Blown up by a great orb of eyes (40 damage)
             ... with a disintegration bolt
             ... on level 1 of the Abyss on Oct 4, 2016.
             The game lasted 00:27:30 (7797 turns).

varam the Nimble (Spriggan Abyssal Knight)          Turns: 7797, Time: 00:27:31

Health: -8/53      AC:  7    Str:  8    XL:     10   Next: 26%
Magic:  16/16      EV: 26    Int: 13    God:    Lugonu [****..]
Gold:   472        SH:  0    Dex: 20    Spells: 1 memorised, 12 levels left

rFire  + . .     SeeInvis +     d - +9 hand axe of Pemiadew {chop, rF+}
rCold  . . .     Gourm    .     b - +0 robe
rNeg   . . .     Faith    .     (shield restricted)
rPois  .         Spirit   .     v - +0 hat
rElec  .         Dismiss  .     l - +2 cloak
rCorr  .         Reflect  .     (gloves unavailable)
SustAt .         Harm     .     (boots unavailable)
MR     +....                    (no amulet)
Stlth  ++........               (no ring)
                                j - +2 ring of protection

@: drained, very quick, somewhat resistant to hostile enchantments, unstealthy
A: unfitting armour, see invisible, herbivore 3, speed 3, slow metabolism 2
a: Depart the Abyss, Bend Space, Banish, Corrupt, Renounce Religion


You were on level 1 of the Abyss.
You worshipped Lugonu.
Lugonu was greatly pleased with you.
You were hungry.

You visited 1 branch of the dungeon, and saw 8 of its levels.
You visited the Abyss 2 times.
You also visited: Sewer and Ossuary.

You collected 472 gold pieces.

Inventory:

Hand Weapons
 a - a +1 short sword
 d - the +9 hand axe of Pemiadew (weapon) {chop, rF+}
   (You found it on level 2 of the Abyss)

   It inflicts extra damage upon your enemies.
   It protects you from fire.
Missiles
 H - 7 tomahawks (quivered)
Armour
 b - a +0 robe (worn)
 l - a +2 cloak (worn)
 v - a +0 hat (worn)
Jewellery
 j - a +2 ring of protection (left hand)
 K - an uncursed amulet of regeneration {unknown}
Wands
 t - a wand of lightning (4/15)
 C - a wand of lightning (5/15)
 G - a wand of slowing (33/48)
Scrolls
 e - 2 scrolls of blinking {unknown}
 f - a scroll of torment {unknown}
 g - 6 scrolls of teleportation
 h - 4 scrolls of enchant armour {unknown}
 n - 7 scrolls of remove curse
 o - 10 scrolls of identify {unknown}
 q - 7 scrolls of fear {unknown}
 s - 3 scrolls of recharging {unknown}
 x - a scroll of noise {unknown}
 y - a scroll of fog {unknown}
 D - a scroll of summoning {unknown}
 I - a scroll of amnesia {unknown}
 O - a scroll of brand weapon {unknown}
Potions
 i - 7 potions of curing {unknown}
 m - a potion of ambrosia {unknown}
 p - 4 potions of degeneration {unknown}
 r - a potion of flight {unknown}
 u - a potion of heal wounds {unknown}
 w - a potion of agility {unknown}
 z - a potion of haste {unknown}
 E - 4 potions of invisibility {unknown}
 F - a potion of berserk rage {unknown}
 L - 2 potions of cancellation {unknown}
Books
 A - a book of Maledictions

   Spells                             Type                      Level
   a - Corona                         Hexes                        1
   b - Ensorcelled Hibernation        Hexes/Ice                    2
   c - Confuse                        Hexes                        3
   d - Tukima's Dance                 Hexes                        3
   e - Dazzling Spray                 Conjuration/Hexes            3
 J - a book of Necromancy

   Spells                             Type                      Level
   a - Pain                           Necromancy                   1
   b - Animate Skeleton               Necromancy                   1
   c - Vampiric Draining              Necromancy                   3
   d - Regeneration                   Charms/Necromancy            3
   e - Animate Dead                   Necromancy                   4
   f - Control Undead                 Necromancy                   4
 N - a book of Conjurations

   Spells                             Type                      Level
   a - Magic Dart                     Conjuration                  1
   b - Searing Ray                    Conjuration                  2
   c - Dazzling Spray                 Conjuration/Hexes            3
   d - Fulminant Prism                Conjuration/Hexes            4
   e - Iskenderun's Mystic Blast      Conjuration                  4
   f - Iskenderun's Battlesphere      Conjuration/Charms           5
Comestibles
 c - 9 bread rations
 k - a royal jelly
 B - 2 fruits
 M - a slice of pizza


   Skills:
 - Level 6.1(5.8) Fighting
 - Level 2.1(1.9) Short Blades
 - Level 5.8(5.6) Axes
 - Level 6.1(5.8) Throwing
 - Level 9.4(9.1) Dodging
 + Level 2.0(1.7) Spellcasting
 * Level 2.6(2.3) Necromancy
 - Level 6.8(6.5) Invocations


You had 12 spell levels left.
You knew the following spells:

 Your Spells              Type           Power        Failure   Level  Hunger
a - Pain                  Necr           #...         12%         1    ##.....


Dungeon Overview and Level Annotations

Branches:
Dungeon (8/15)             Temple (0/1) D:5
   Lair: D:8-11

Altars:
Ashenzari
Cheibriados
Fedhas
Gozag
Kikubaaqudgha
Ru
Trog
Vehumet

Shops:
D:8 [

Annotations:
Abyss:1 Prince Ribbit


Innate Abilities, Weirdness & Mutations

You are tiny and cannot use many weapons and most armour.
You have supernaturally acute eyesight.
You are a herbivore.
You cover ground extremely quickly.
You need consume almost no food.


Message History

A starcursed mass splits.
A starcursed mass splits.
A large abomination comes into view.
Found 24 stones.
A thrashing horror comes into view.
The thrashing horror moves out of view.
You start resting.
Magic restored.
You start resting.
A neqoxec comes into view.
A neqoxec is nearby!
The neqoxec moves out of view.
You start resting.
A flying skull comes into view.
A great orb of eyes comes into view.
The great orb of eyes turns its gaze towards you.
The great orb of eyes gazes at you.
You are blasted!
Ouch! That really hurt!
You die...

.## . ... #. #.##
.#. #..# .#
#....#G. #####.#
#..#..####....#
#.##..#.#.#z..##
#....@....#..# #
##.#....#.#..####
. #.
..#####........
..... .
#.#.###.#. . #..#
.. #...... .# .
#. . #.#.#....##
..## .
......#.#... ###
. ... #.# ### #.
... ##. . .#


You could see a great orb of eyes and a flying skull.

Vanquished Creatures
  Pikel (D:4)
  Grinder (D:6)
  A spriggan (D:7)
  2 hippogriffs
  3 ice beasts
  A sky beast (D:7)
  A slave (D:4)
  An orc warrior (D:7)
  2 phantoms
  3 eyes of draining (D:3)
  A necrophage (D:5)
  5 ogres
  5 big kobolds (Sewer)
  4 giant frogs
  The ghost of varam the Sneak, an amateur SpAK of Lugonu (D:3)
  An elf zombie (Ossuary)
  A scorpion (D:3)
  A water moccasin skeleton (D:6)
  A wight (D:8)
  3 howler monkeys
  3 crimson imps (D:8)
  A centaur zombie (Ossuary)
  A hound (D:7)
  A jelly (D:8)
  A giant frog zombie (D:8)
  A giant frog skeleton (D:5)
  5 orc priests
  3 orc wizards
  2 iguanas
  6 worker ants
  A big kobold zombie (Ossuary)
  A hound skeleton (D:8)
  2 mummies (Ossuary)
  Robin (D:3)
  9 gnolls
  10 adders
  3 shadow imps
  3 oozes (Sewer)
  An adder zombie (Ossuary)
  6 worms
  2 dart slugs
  3 giant geckos
  24 orcs
  6 ball pythons
  9 giant cockroaches
  23 goblins
  7 hobgoblins
  8 jackals
  11 kobolds
  5 quokkas
  10 bats
  2 giant newts
  A goblin zombie (Ossuary)
  16 hobgoblin zombies (Ossuary)
  A jackal skeleton (D:5)
  2 jackal zombies (Ossuary)
  9 kobold zombies (Ossuary)
  3 orc zombies (Ossuary)
  2 quokka skeletons (D:5)
  10 rats
  2 rat zombies (Ossuary)
256 creatures vanquished.

Vanquished Creatures (others)
  The ghost of Elystan the Shield-Bearer, a novice FoFi (D:5)
  An adder (D:4)
  A jackal skeleton (D:4)
3 creatures vanquished.

Grand Total: 259 creatures vanquished

Notes
Turn   | Place    | Note
--------------------------------------------------------------
     0 | Abyss:1  | varam the Spriggan Abyssal Knight began the quest for the Orb.
     0 | Abyss:1  | Reached XP level 1. HP: 11/11 MP: 3/3
     2 | Abyss:2  | Found a corrupted altar of Lugonu.
    15 | Abyss:2  | Got a crystal hand axe
    17 | Abyss:2  | Identified the +9 hand axe of Pemiadew {chop, rF+} (You found it on level 2 of the Abyss)
    64 | Abyss:2  | Noticed a smoke demon
    67 | D:1      | Escaped the Abyss
   318 | D:1      | Reached skill level 4 in Dodging
   326 | D:1      | Reached XP level 2. HP: 15/16 MP: 4/4
   355 | D:1      | Reached * piety under Lugonu
   400 | D:1      | Reached skill level 1 in Axes
   835 | D:1      | Reached XP level 3. HP: 15/19 MP: 5/5
  1159 | D:2      | Reached skill level 5 in Dodging
  1167 | D:2      | Found a snail-covered altar of Cheibriados.
  1266 | D:2      | Reached XP level 4. HP: 23/23 MP: 6/6
  1272 | D:2      | Reached ** piety under Lugonu
  1520 | D:3      | Noticed Robin
  1700 | D:3      | Noticed varam's ghost (amateur SpAK)
  1746 | D:4      | Found a glowing drain.
  1770 | Sewer    | Entered a sewer
  1787 | Sewer    | Noticed a big kobold
  1809 | Sewer    | Killed a big kobold
  1809 | Sewer    | Reached XP level 5. HP: 22/28 MP: 7/7
  1966 | Sewer    | Reached skill level 6 in Dodging
  1966 | Sewer    | Reached XP level 6. HP: 32/32 MP: 9/9
  2413 | Sewer    | Reached *** piety under Lugonu
  2490 | Sewer    | Reached skill level 7 in Dodging
  2490 | Sewer    | Reached XP level 7. HP: 26/36 MP: 10/10
  2632 | D:3      | Killed varam's ghost
  2771 | D:3      | Found a radiant altar of Vehumet.
  2817 | D:3      | Killed Robin
  2931 | D:3      | Found a bloodstained altar of Trog.
  2958 | D:3      | Reached skill level 8 in Dodging
  3032 | D:3      | Found an ancient bone altar of Kikubaaqudgha.
  3211 | D:3      | Reached **** piety under Lugonu
  3213 | D:3      | Reached XP level 8. HP: 42/42 MP: 12/12
  3321 | D:4      | Found an opulent altar of Gozag.
  3424 | D:4      | Noticed Pikel
  3435 | D:4      | Killed Pikel
  3435 | D:4      | Reached skill level 9 in Dodging
  3435 | D:4      | Reached skill level 5 in Invocations
  3634 | D:4      | Found a shattered altar of Ashenzari.
  3723 | D:4      | Found a blossoming altar of Fedhas.
  3944 | D:5      | Entered Level 5 of the Dungeon
  3949 | D:5      | Reached skill level 5 in Fighting
  4334 | D:5      | Reached skill level 5 in Axes
  4334 | D:5      | Reached XP level 9. HP: 47/47 MP: 14/14
  4423 | D:5      | Noticed Elystan's ghost (novice FoFi)
  4499 | D:5      | Found a staircase to the Ecumenical Temple.
  4552 | D:6      | Noticed a red ugly thing
  4908 | D:5      | Banished Elystan's ghost
  5307 | D:6      | Found an ancient bone altar of Kikubaaqudgha.
  5309 | D:6      | Noticed Grinder
  5342 | D:6      | Killed Grinder
  5377 | D:6      | Reached skill level 1 in Throwing
  5423 | D:6      | Found a sand-covered staircase.
  5435 | Ossuary  | Entered an ossuary
  5530 | Ossuary  | Reached ***** piety under Lugonu
  6184 | D:7      | Reached skill level 5 in Throwing
  6548 | D:7      | Reached XP level 10. HP: 40/53 MP: 16/16
  7020 | D:8      | Found Tystrya's Antique Armour Emporium.
  7020 | D:8      | Noticed Prince Ribbit
  7145 | D:8      | Learned a level 1 spell: Pain
  7202 | D:8      | Reached skill level 1 in Necromancy
  7207 | D:8      | Reached skill level 1 in Spellcasting
  7521 | D:8      | Found a sacrificial altar of Ru.
  7589 | D:8      | Banished Prince Ribbit
  7667 | Abyss:1  | Noticed a large abomination
  7667 | Abyss:1  | Noticed a starcursed mass
  7683 | Abyss:1  | Noticed a large abomination
  7707 | Abyss:1  | Noticed a thrashing horror
  7795 | Abyss:1  | Noticed a great orb of eyes
  7797 | Abyss:1  | Blown up by a great orb of eyes

Skill      XL: |  1  2  3  4  5  6  7  8  9 10 |
---------------+-------------------------------+-----
Dodging        | 4 5 6 7 8 9 |  9.4
Axes           | 1 2 3 5 |  5.8
Invocations    | 2 3 4 5 6 |  6.8
Fighting       | 3 4 5 6 |  6.1
Throwing       | 6 |  6.1
Necromancy     | 2 |  2.6
Spellcasting   | 2 |  2.0
Short Blades   | |  2.1

Action                   |  1- 3 |  4- 6 |  7- 9 | 10-12 || total
-------------------------+-------+-------+-------+-------++-------
Melee: Hand axe          |    65 |   115 |   382 |    71 ||   633
 Cast: Pain              |       |       |       |     5 ||     5
Invok: Depart the Abyss  |     1 |       |       |       ||     1
       Banish            |       |       |     1 |     1 ||     2
       Bend Space        |       |       |       |     3 ||     3
       Enter the Abyss   |       |       |       |     1 ||     1
  Use: Scroll            |       |       |     3 |       ||     3
 Stab: Sleeping          |     3 |       |     6 |     1 ||    10
       Distracted        |       |       |     1 |       ||     1
  Eat: Bread ration      |       |       |     1 |       ||     1
Armor: Robe              |     5 |     8 |    23 |    14 ||    50
Dodge: Dodged            |    41 |   100 |   268 |    99 ||   508
